 Dungeon Crawl Stone Soup version 0.17.0-57-g0e89251 (webtiles) character file.

70 tof the Shooter (level 4, 0/36 HPs)
             Began as a Centaur Hunter on Dec 8, 2015.
             Succumbed to Sigmund's poison
             ... on level 2 of the Dungeon.
             The game lasted 00:16:55 (1626 turns).

tof the Shooter (Centaur Hunter)                    Turns: 1626, Time: 00:16:55

Health: 0/36       AC:  4    Str: 14      XL:     4   Next: 3%
Magic:  4/4        EV:  9    Int:  8 (10) God:
Gold:   24         SH:  0    Dex: 11      Spells: 0 memorised, 3 levels left

rFire  . . .     SeeInvis .     a - +1 shortbow
rCold  . . .     Clarity  .     c - +0 leather armour
rNeg   . . .     SustAt   .     (shield currently unavailable)
rPois  .         Gourm    .     (no helmet)
rElec  .         Spirit   .     (no cloak)
rCorr  .         Warding  .     (no gloves)
rMut   .         Stasis   .     (no barding)
MR     .....                    (no amulet)
Stlth  +.........               (no ring)
                                (no ring)

@: lethally poisoned (0 -> -27), very quick, not resistant to hostile
enchantments, very unstealthy
A: hooves 3, deformed body, speed 2, tough skin 3
a: no special abilities


You were on level 2 of the Dungeon.
You were not hungry.

You visited 1 branch of the dungeon, and saw 2 of its levels.

You collected 24 gold pieces.

Inventory:

Hand Weapons
 a - a +1 shortbow (weapon)
 b - a +0 short sword
 o - a +0 hunting sling
 q - a +0 hunting sling
Missiles
 p - 20 stones (quivered)
Armour
 c - a +0 leather armour (worn)
 g - a +1 cloak
 r - a +0 leather armour
Scrolls
 h - a scroll of random uselessness {unknown}
 i - a scroll of recharging {unknown}
 k - a scroll of teleportation {unknown}
 l - a scroll of immolation {unknown}
 t - a scroll of noise {unknown}
 u - a scroll of magic mapping {unknown}
 v - a scroll of remove curse {unknown}
Potions
 j - a potion of flight
Comestibles
 e - a bread ration
 s - 3 chunks of flesh


   Skills:
 + Level 2.0 Fighting
 + Level 7.0 Bows
 + Level 0.3 Armour
 + Level 1.7 Dodging
 + Level 0.6 Stealth


You had 3 spell levels left.
You didn't know any spells.

Dungeon Overview and Level Annotations

Branches:
Dungeon (2/15)

Altars:
Ashenzari

Annotations:
D:2 Sigmund, Terence


Innate Abilities, Weirdness & Mutations

You have hooves in place of feet.
Armour fits poorly on your strangely shaped body.
You cover ground very quickly.
You have extremely tough skin (AC +3).


Message History

You fly up into the air.
You feel sick. The jackal closely misses you. Something hits you.
* * * LOW HITPOINT WARNING * * *
You are more poisoned.
Drink which item? (? for menu, Esc to quit)
It was a potion of cancellation.
Your magical effects are unravelling.
You feel magically purged.
* * * LOW HITPOINT WARNING * * *
You feel sick. The jackal bites you.
* * * LOW HITPOINT WARNING * * *
Something hits you.
* * * LOW HITPOINT WARNING * * *
You are more poisoned.
Drink which item? (? for menu, Esc to quit)
It was a potion of degeneration.
There was something very wrong with that liquid.
You feel dopey.
You float gracefully downwards.
You die...

#...#
##############...######
..#.........)...'.....
#.#.#########...######
#.#.# #...# #...#####.#
##### ##........# ..# ###
#.####.########(#.# #..
#.(....@h@......#.######..
#######.#########.#....#..
########..########.#....#..
........@..................
#########..######..#....#..
...?.....# #..#....###
.(.((.....# #..#....#
...(......# #..######
....(.....# #..#


You could see Terence and a jackal.

Vanquished Creatures
  Crazy Yiuf (D:2)
  An adder (D:2)
  3 hobgoblins
  7 jackals (D:2)
  4 bats
  2 giant cockroaches (D:1)
  2 giant newts (D:1)
  6 goblins
  2 kobolds (D:2)
  4 rats
32 creatures vanquished.

Notes
Turn   | Place    | Note
--------------------------------------------------------------
     0 | D:1      | tof the Centaur Hunter began the quest for the Orb.
     0 | D:1      | Reached XP level 1. HP: 17/17 MP: 1/1
   381 | D:1      | Reached XP level 2. HP: 24/24 MP: 2/2
   885 | D:2      | Found a shattered altar of Ashenzari.
   913 | D:2      | Reached skill level 6 in Bows
   934 | D:2      | Reached XP level 3. HP: 25/29 MP: 3/3
  1192 | D:2      | Noticed Crazy Yiuf
  1221 | D:2      | Killed Crazy Yiuf
  1561 | D:2      | Reached XP level 4. HP: 36/36 MP: 4/4
  1599 | D:2      | Noticed Terence
  1600 | D:2      | Reached skill level 7 in Bows
  1604 | D:2      | Noticed Sigmund
  1626 | D:2      | Succumbed to Sigmund's poison

Action                   |  1- 3 |  4- 6 || total
-------------------------+-------+-------++-------
Melee: Shortbow          |     4 |       ||     4
 Fire: Shortbow          |    99 |     7 ||   106
Throw: Stone             |       |    10 ||    10
  Use: Potion            |       |     5 ||     5
  Eat: Chunk             |     1 |       ||     1
